 Dungeon Sprint DCSS version 0.27-a0-695-gb4952372f7 (webtiles) character file.

Game seed: 5906584551909722719

374 mhtbhm the Basher (level 6, -1/68 HPs)
             Began as a Troll Berserker on Mar 21, 2021.
             Was an Elder of Trog.
             Slain by a warg (15 damage)
             ... in the Dungeon (Sprint VII: "The Pits").
             The game lasted 00:00:56 (261 turns).

mhtbhm the Basher (Troll Berserker)                  Turns: 261, Time: 00:00:56

Health: -1/68      AC:  4    Str: 28    XL:     6   Next: 43%
Magic:  5/5        EV: 11    Int:  3    God:    Trog [****..]
Gold:   0          SH:  0    Dex:  9    Spells: 5/5 levels left

rFire    . . .     SeeInvis .   a - +2 mace (protect)
rCold    . . .     Faith    .   (no shield)
rNeg     . . .     Spirit   .   b - +0 animal skin
rPois    .         Reflect  .   (helmet restricted)
rElec    .         Harm     .   (no cloak)
rCorr    .         Rampage  .   (gloves unavailable)
Will     .....     NoTele   +   (boots unavailable)
Stlth    +.........             (no amulet)
HPRegen  1.21/turn              (no ring)
MPRegen  0.09/turn              (no ring)

@: berserk cooldown, slowed, very slow
A: large, unfitting armour, claws 3, regeneration 1, shaggy fur 1, tough skin 1
a: Renounce Religion, Berserk, Trog's Hand, Brothers in Arms


You were in the Dungeon.
You worshipped Trog.
Trog was greatly pleased with you.
You visited 1 branch

Inventory:

Hand Weapons
 a - a +2 mace of protection (weapon)
Armour
 b - a +0 animal skin (worn)
Scrolls
 h - a scroll of blinking
 j - a scroll of summoning
Potions
 c - 6 potions of curing
 d - 5 potions of heal wounds
 e - a potion of haste
 f - 4 potions of magic
 g - 3 potions of berserk rage
 i - 2 potions of invisibility


   Skills:
 + Level 6.4 Fighting
 + Level 8.6 Maces & Flails
 + Level 7.1 Dodging


You had 5 spell levels left.
You didn't know any spells.
Your spell library was empty.

Dungeon Overview and Level Annotations

Branches:
Dungeon (1/1)

Altars:
Cheibriados
Dithmenos
Elyvilon
Fedhas
Gozag
Hepliaklqana
Makhleb
Nemelex Xobeh
Okawaru
Qazlal
Ru
Sif Muna
Trog
Wu Jian
Xom
Yredelemnul
Zin
The Shining One
Jiyva


Innate Abilities, Weirdness & Mutations

You are too large for most types of armour.
You have claws for hands.
Your natural rate of healing is unusually fast.
You are covered in fur. (AC +1)
You have tough skin. (AC +1)


Message History

The hound bites you. The warg bites you but does no damage.
The hound misses you. The warg bites you.
You closely miss the hound. The hound barely misses you. The warg bites you!
The hound bites you but does no damage. The warg bites you!
The hound closely misses you. The warg closely misses you.
You sock the warg!
Your weapon exudes an aura of protection.
The warg is severely wounded.
The hound bites you. The warg bites you! The hound barely misses you.
The warg barely misses you. The hound barely misses you.
You barely miss the warg.
The warg is severely wounded.
The warg closely misses you. The hound bites you.
The warg bites you but does no damage. The hound bites you but does no damage.
The warg barely misses you. The warg bites you. The hound barely misses you.
There is an open door here.
The warg bites you!
You sock the warg!
Your weapon exudes an aura of protection.
The warg is almost dead.
The warg barely misses you. The warg bites you but does no damage.
You miss the warg.
The warg is almost dead.
The warg bites you. The warg bites you!
* * * LOW HITPOINT WARNING * * *
Unknown command.
You feel much better. The warg barely misses you.
The warg bites you but does no damage.
You closely miss the warg.
The warg is almost dead.
The warg bites you!
* * * LOW HITPOINT WARNING * * *
The warg closely misses you.
Unknown command.
You miss the warg.
The warg is almost dead.
The warg bites you.
* * * LOW HITPOINT WARNING * * *
The warg bites you!
You die...

#'#####†#####.....
#.#.....#..##.....
#.#.....#))#####'#
#.###'###))##.....
#.#.....#))##.....
#.#.....#[[##.....
#.####)##'###...<.
#.#...)....##.....
#@#........##.....
#h###########.....
#h......# ######
#.)#.#..# #.## #
#.......#
#.##.##.# #.. #
#..


You could see a warg and a hound.

Vanquished Creatures
  Menkaure (D)
  A floating eye (D)
  A centaur (D)
  A quasit (D)
  Jessica (D)
  An adder (D)
  An ooze (D)
  An orc (D)
  A bat skeleton (D)
  2 giant cockroaches (D)
  A goblin (D)
12 creatures vanquished.

Notes
Turn   | Place    | Note
-------+----------+-------------------------------------------
     0 | D        | mhtbhm the Troll Berserker began the quest for the Orb.
     0 | D        | Reached XP level 1. HP: 22/22 MP: 0/0
    98 | D        | Found a bloodstained altar of Trog.
    98 | D        | Found a shimmering blue altar of Sif Muna.
    98 | D        | Found a viscous altar of Jiyva.
    98 | D        | Found a hazy altar of Hepliaklqana.
    98 | D        | Found an opulent altar of Gozag.
    99 | D        | Found a glowing golden altar of the Shining One.
    99 | D        | Found a glowing silver altar of Zin.
    99 | D        | Found a basalt altar of Yredelemnul.
    99 | D        | Found a shimmering altar of Xom.
    99 | D        | Found an ornate altar of the Wu Jian Council.
    99 | D        | Found a sacrificial altar of Ru.
    99 | D        | Found a stormy altar of Qazlal.
    99 | D        | Found an iron altar of Okawaru.
    99 | D        | Found a sparkling altar of Nemelex Xobeh.
    99 | D        | Found a burning altar of Makhleb.
    99 | D        | Found a blossoming altar of Fedhas.
    99 | D        | Found a white marble altar of Elyvilon.
    99 | D        | Found a shadowy altar of Dithmenos.
    99 | D        | Found a snail-covered altar of Cheibriados.
   135 | D        | Reached skill level 3 in Maces & Flails
   141 | D        | Reached ** piety under Trog
   142 | D        | Reached XP level 2. HP: 30/31 MP: 1/1
   164 | D        | Noticed a floating eye
   164 | D        | Noticed a centaur
   169 | D        | Killed a floating eye
   170 | D        | Reached skill level 5 in Maces & Flails
   170 | D        | Reached skill level 5 in Dodging
   170 | D        | Reached XP level 3. HP: 35/40 MP: 2/2
   170 | D        | Reached XP level 4. HP: 43/49 MP: 3/3
   170 | D        | Reached *** piety under Trog
   173 | D        | Reached skill level 6 in Maces & Flails
   179 | D        | Killed a centaur
   180 | D        | Reached skill level 5 in Fighting
   180 | D        | Reached skill level 7 in Maces & Flails
   180 | D        | Reached XP level 5. HP: 56/57 MP: 4/4
   230 | D        | Noticed Jessica
   230 | D        | Noticed Menkaure
   235 | D        | Killed Menkaure
   235 | D        | Reached **** piety under Trog
   236 | D        | Reached skill level 8 in Maces & Flails
   236 | D        | Reached XP level 6. HP: 67/67 MP: 5/5
   237 | D        | Noticed a warg
   242 | D        | Killed Jessica
   261 | D        | Slain by a warg

Illustrated notes

Levels and vault maps discovered:
D:        pitsprint [storerooms_1, entrance_room_1, metal_vault_6, armoury_1,
          mini_pit_1, grid_room_1, main_hall_1, silver_pit, the_coven_2,
          the_vestibule_1, steel_vault_5, golden_pit, hallway_of_sentries,
          crystal_vault_1, iron_vault_2, final_vault]

Skill      XL: |  1  2  3  4  5  6 |
---------------+-------------------+-----
Maces & Flails | 3 5 7 8 |  8.6
Fighting       | 3 4 5 6 |  6.4
Dodging        | 3 5 6 7 |  7.1

Action                   |  1- 3 |  4- 6 || total
-------------------------+-------+-------++-------
Melee: Mace              |    16 |    31 ||    47
Invok: Berserk           |       |     1 ||     1
  Use: Potion            |       |     1 ||     1
Armor: Animal skin       |     8 |    23 ||    31
Dodge: Dodged            |     8 |    35 ||    43

Table legend: (Time is in decaauts)
 A = Elapsed time spent in this place.
 B = Non-inter-level travel time spent in this place.
 C = Inter-level travel time spent in this place.
 D = Time resting spent in this place.
 E = Time spent auto-exploring this place.
 F = Levels seen in this place.
 G = Mean time per level.
                   A        B        C        D        E       F      G
               +--------+--------+--------+--------+--------+-----+--------+
         Total |    268 |    268 |      0 |     89 |     31 |   1 |  268.0 |
       Dungeon |    268 |    268 |      0 |     89 |     31 |   1 |  268.0 |
               +--------+--------+--------+--------+--------+-----+--------+

Top non-repeatable levels by time:
       D: 268 daAuts
